[Event "EYCC Girls U12 2018"]
[Site "Riga"]
[Date "2018.08.20"]
[Round "1"]
[White "Van Foreest, Machteld"]
[Black "Sippola, Sara-Olivia"]
[Result "1/2-1/2"]
[ECO "B39"]
[WhiteElo "2135"]
[BlackElo "1450"]
[Annotator "NA"]
[PlyCount "85"]
[EventDate "2018.08.20"]
[EventType "swiss"]
[EventCountry "LAT"]
[SourceTitle "playchess.com"]
[Source "ChessBase"]
[SourceQuality "1"]
[TimeControl "40/5400+30:1800+30"]

1. e4 c5 2. Nf3 Nc6 3. d4 cxd4 4. Nxd4 g6 5. c4 Bg7 6. Be3 Nf6 7. Nc3 Ng4 8. Qxg4 Nxd4 9. Qd1 Ne6 10. Be2 b6 11. O-O Bb7 12. f3 O-O 13. Qd2 d6 14. Rfd1 Qd7 15. Nd5 Rac8 $11 16. Rac1 Nc7 17. Nc3 Ne6 18. b3 Rfd8 19. Nd5 Nc5 20. Bg5 Bxd5 21. exd5 Qc7 22. Bf1 Re8 23. Bf4 Nd7 24. Bg3 Ne5 25. f4 Ng4 26. b4 Qd7 27. Kh1 Nf6 28. Be2 Ne4 29. Qe3 Nxg3+ 30. Qxg3 Qa4 31. Qb3 Qxb3 32. axb3 Rc7 33. b5 h5 34. f5 Rf8 35. fxg6 fxg6 36. Bd3 Kh7 37. Re1 Be5 38. g3 Rf3 39. Bc2 Rc8 40. Rf1 Rcf8 41. Rxf3 Rxf3 42. Bd1 Rf2 43. Kg1 1/2-1/2

[Event "EYCC Girls U12 2018"]
[Site "Riga"]
[Date "2018.08.20"]
[Round "1"]
[White "Karacsonyi, Kata"]
[Black "Romanova, Ela"]
[Result "1-0"]
[ECO "C60"]
[WhiteElo "1961"]
[BlackElo "1446"]
[Annotator "NA"]
[PlyCount "79"]
[EventDate "2018.08.20"]
[EventType "swiss"]
[EventCountry "LAT"]
[SourceTitle "playchess.com"]
[Source "ChessBase"]
[SourceQuality "1"]
[TimeControl "40/5400+30:1800+30"]

1. e4 e5 2. Nf3 Nc6 3. Bb5 Nge7 4. Nc3 d6 5. O-O g6 6. d4 a6 7. Ba4 b5 8. Bb3 exd4 9. Nxd4 Bg7 10. Nxc6 Nxc6 11. Bxf7+ Kxf7 12. Qd5+ Be6 13. Qxc6 Qd7 14. Qxd7+ Bxd7 15. Nd5 Rac8 16. c3 a5 17. Be3 Rhe8 18. f3 Bc6 19. Rad1 h6 20. Rfe1 g5 21. Bf2 Re6 22. Kf1 Ke8 23. Bd4 Be5 24. Bxe5 dxe5 25. Rd2 Rd6 26. Red1 Kf7 27. Ne3 Rxd2 28. Rxd2 Re8 29. Ke2 Kg6 30. Nd5 Bxd5 31. Rxd5 c6 32. Rd6+ Kg7 33. Rxc6 Rb8 34. Ra6 a4 35. Kd2 h5 36. Re6 b4 37. Rxe5 Kf6 38. Rf5+ Kg6 39. Ra5 bxc3+ 40. Kxc3 1-0

[Event "EYCC Girls U12 2018"]
[Site "Riga"]
[Date "2018.08.20"]
[Round "1"]
[White "Roebers, Eline"]
[Black "Lindstad, Livia"]
[Result "1/2-1/2"]
[ECO "C47"]
[WhiteElo "1857"]
[BlackElo "1433"]
[Annotator "NA"]
[PlyCount "85"]
[EventDate "2018.08.20"]
[EventType "swiss"]
[EventCountry "LAT"]
[SourceTitle "playchess.com"]
[Source "ChessBase"]
[SourceQuality "1"]
[TimeControl "40/5400+30:1800+30"]

1. e4 e5 2. Nc3 Nc6 3. Nf3 Nf6 4. a3 Be7 5. d4 exd4 6. Nxd4 O-O 7. Be3 b6 8. f3 Nxd4 9. Bxd4 Bb7 10. Bc4 c5 11. Be3 Qc7 12. O-O a6 13. a4 Bd6 14. Kh1 Nh5 15. Nd5 Bxd5 16. Qxd5 Nf6 17. Qf5 Rfe8 18. f4 Bf8 19. e5 d5 20. Bd3 c4 21. exf6 cxd3 22. Qxd3 gxf6 23. Bd4 Bg7 24. c3 Re4 25. Qg3 Qd6 26. Qf2 Rb8 27. f5 Bh6 28. Bxf6 Be3 29. Qg3+ Qxg3 30. hxg3 d4 31. cxd4 Bxd4 32. Bxd4 Rxd4 33. Rf3 Rd2 34. b3 Rc8 35. Re1 Rcc2 36. Re8+ Kg7 37. f6+ Kh6 38. Rb8 Rxg2 39. Rxb6 Rh2+ 40. Kg1 Rhg2+ 41. Kh1 Rh2+ 42. Kg1 Rhg2+ 43. Kh1 1/2-1/2

[Event "EYCC Girls U12 2018"]
[Site "Riga"]
[Date "2018.08.20"]
[Round "1"]
[White "Katter, Marlene"]
[Black "Gaal, Zsoka"]
[Result "0-1"]
[ECO "A48"]
[WhiteElo "1447"]
[BlackElo "2008"]
[Annotator "NA"]
[PlyCount "72"]
[EventDate "2018.08.20"]
[EventType "swiss"]
[EventCountry "LAT"]
[SourceTitle "playchess.com"]
[Source "ChessBase"]
[SourceQuality "1"]
[TimeControl "40/5400+30:1800+30"]

1. d4 Nf6 2. Bf4 g6 3. Nf3 Bg7 4. e3 O-O 5. Be2 d6 6. h3 Nfd7 7. Nbd2 e5 8. Bh2 f5 9. Nb3 e4 10. Nfd2 Nc6 11. c4 Nf6 12. a3 Ne7 13. Qc2 Be6 14. d5 Bf7 15. Nd4 Qd7 16. b4 a5 17. O-O g5 18. Rfd1 Ng6 19. N2b3 axb4 20. axb4 f4 21. Bf1 fxe3 22. fxe3 g4 23. Nd2 gxh3 24. gxh3 Rae8 25. Ra7 Qc8 26. Rda1 Nh4 27. Qb3 Kh8 28. Kh1 Nd7 29. Nb5 Bxa1 30. Rxa1 Ne5 31. Nxe4 Qf5 32. Ng3 Qf3+ 33. Kg1 Rg8 34. Nxc7 Rxg3+ 35. Bxg3 Qxg3+ 36. Kh1 Rg8 0-1

[Event "EYCC Girls U12 2018"]
[Site "Riga"]
[Date "2018.08.20"]
[Round "1"]
[White "Gasimova, Samra"]
[Black "Zvereva, Margarita"]
[Result "1/2-1/2"]
[ECO "D58"]
[WhiteElo "1437"]
[BlackElo "1898"]
[Annotator "NA"]
[PlyCount "150"]
[EventDate "2018.08.20"]
[EventType "swiss"]
[EventCountry "LAT"]
[SourceTitle "playchess.com"]
[Source "ChessBase"]
[SourceQuality "1"]
[TimeControl "40/5400+30:1800+30"]

1. d4 d5 2. Nf3 Nf6 3. c4 e6 4. Nc3 Be7 5. Bg5 h6 6. Bh4 O-O 7. e3 b6 8. Bxf6 Bxf6 9. cxd5 exd5 10. Bd3 Be6 11. O-O c5 12. Rc1 Nd7 13. Be2 Qe7 14. Qd2 Rfd8 15. Rfd1 Rac8 16. Ba6 Rb8 17. Bb5 Nf8 18. h3 Qb7 19. Be2 Rbc8 20. Qd3 c4 21. Qd2 b5 22. a3 a5 23. Na2 Ra8 24. Nh2 Be7 25. Ra1 b4 26. a4 Qc6 27. Nc1 Rab8 28. Bg4 c3 29. Qc2 cxb2 30. Qxb2 Rdc8 31. Nb3 Qb6 32. Rdc1 Rc3 33. Bxe6 Nxe6 34. Nf3 Rbc8 35. Rab1 Qc7 36. Ra1 Bd8 37. h4 Qc4 38. Rxc3 bxc3 39. Qc2 Rb8 40. Rb1 Rb4 41. Ne5 Qc7 42. Nc1 Rxb1 43. Qxb1 Bf6 44. Ned3 Qc4 45. Qc2 Bxh4 46. Na2 Be7 47. Ne5 Qc7 48. Qxc3 Qb7 49. Qc2 Bd6 50. Nd3 Ng5 51. Nc3 Qc6 52. Qb3 Qc4 53. Qxc4 dxc4 54. Nc1 Kf8 55. Kf1 Bb4 56. N1a2 Ke8 57. Ke2 Kd7 58. Nd5 Bd6 59. Nb6+ Kc6 60. Nxc4 Bc7 61. Kd3 f5 62. Nc3 Nf7 63. Nb5 Bd8 64. f4 g5 65. fxg5 hxg5 66. Nc3 Bc7 67. Ne2 Kd5 68. Nc1 Nd6 69. Nd2 Ne4 70. Nf3 f4 71. exf4 gxf4 72. Na2 Nf2+ 73. Ke2 Ne4 74. Kd3 Nf2+ 75. Ke2 Ne4 1/2-1/2

[Event "EYCC Girls U12 2018"]
[Site "Riga"]
[Date "2018.08.21"]
[Round "2"]
[White "Gaal, Zsoka"]
[Black "Oz, Irem Ezra"]
[Result "1-0"]
[ECO "A06"]
[WhiteElo "2008"]
[BlackElo "1654"]
[Annotator "NA RC"]
[PlyCount "165"]
[EventDate "2018.08.20"]
[EventType "swiss"]
[EventCountry "LAT"]
[SourceTitle "playchess.com"]
[Source "ChessBase"]
[SourceQuality "1"]
[TimeControl "40/5400+30:1800+30"]

1. Nf3 d5 2. g3 Nf6 3. Bg2 Bf5 4. c4 c6 5. cxd5 Nxd5 6. O-O e6 7. d3 Bg6 8. Nc3 Be7 9. Bd2 O-O 10. Rc1 Nd7 11. Nxd5 exd5 12. Be3 Qa5 13. a3 Qb5 14. Nd4 Qa5 15. Qb3 Nc5 16. Qc2 Ne6 17. Nf3 Bf6 18. Bd2 Qb6 19. Bc3 Nd4 20. Nxd4 Bxd4 21. Bxd4 Qxd4 22. Qc3 Qb6 23. d4 Rfe8 24. e3 Rad8 25. b4 Be4 26. Rfd1 Bxg2 27. Kxg2 Rc8 28. Rd2 Qd8 29. Rdc2 a6 30. Qd3 Qd7 31. a4 Re6 32. Qf5 Rd6 33. Qxd7 Rxd7 34. b5 axb5 35. axb5 Rdc7 36. Rc5 Kf8 37. e4 dxe4 38. d5 Ke7 39. b6 Rd7 40. dxc6 Rxc6 41. Rxc6 bxc6 42. Ra1 Rd8 43. Rc1 Kd7 44. Rd1+ Ke7 45. Rc1 Rb8 46. Rxc6 Rb7 47. Rc4 f5 48. g4 g6 49. gxf5 gxf5 50. Rc6 Kd8 51. Rf6 Rg7+ 52. Kf1 Kc8 53. Rxf5 Kb7 54. Rf6 Rg6 55. Rxg6 hxg6 56. Ke2 Kxb6 57. Ke3 Kc6 58. Kxe4 Kd6 59. Kf4 Ke6 60. Kg5 Kf7 61. Kh6 Kf6 62. h4 Kf7 63. Kh7 Kf6 64. Kg8 Ke6 65. Kg7 Kf5 66. f4 Kxf4 67. Kxg6 Ke5 68. h5 Ke6 69. h6 Ke7 70. h7 Ke6 71. h8=Q Kd5 72. Qf6 Ke4 73. Qf5+ Kd4 74. Kg5 Ke3 75. Qf4+ Ke2 76. Qg3 Kf1 77. Qh2 Ke1 78. Kf4 Kd1 79. Ke3 Kc1 80. Kd3 Kb1 81. Kc3 Ka1 82. Kb3 Kb1 83. Qh1# 1-0

[Event "EYCC Girls U12 2018"]
[Site "Riga"]
[Date "2018.08.21"]
[Round "2"]
[White "Kozachenko, Maria"]
[Black "Dakic, Marta"]
[Result "1-0"]
[ECO "B76"]
[WhiteElo "1792"]
[BlackElo "1614"]
[Annotator "NA RC"]
[PlyCount "135"]
[EventDate "2018.08.20"]
[EventType "swiss"]
[EventCountry "LAT"]
[SourceTitle "playchess.com"]
[Source "ChessBase"]
[SourceQuality "1"]
[TimeControl "40/5400+30:1800+30"]

1. e4 c5 2. Nf3 d6 3. d4 cxd4 4. Nxd4 Nf6 5. Nc3 g6 6. f3 Bg7 7. Be3 O-O 8. Qd2 Nc6 9. O-O-O Bd7 10. g4 Qa5 11. Kb1 Rfc8 12. Nb3 Qd8 13. h4 Ne5 14. Be2 Nc4 15. Bxc4 Rxc4 16. Bh6 Bh8 17. Ne2 Rac8 18. c3 Ne8 19. h5 e5 20. hxg6 hxg6 21. Bf8 Kxf8 22. Rxh8+ Ke7 23. Qg5+ Ke6 24. Nbd4+ Rxd4 25. Nxd4+ exd4 26. Qd5+ Ke7 27. cxd4 Qc7 28. Qg5+ f6 29. Rh7+ Kd8 30. Qd2 Qc6 31. Re1 Qb5 32. e5 dxe5 33. dxe5 fxe5 34. Rxe5 Qf1+ 35. Re1 Qb5 36. Qd4 Kc7 37. Rd1 Rd8 38. Qxa7 Nd6 39. Rc1+ Nc4 40. Qd4 Kb8 41. Qxc4 Bc6 42. Qxb5 Bxb5 43. Rcc7 Bc6 44. f4 Rd4 45. Rcf7 Bf3 46. Rhg7 Rd1+ 47. Kc2 Rg1 48. g5 Rg2+ 49. Kc3 Rg3 50. Kd4 Rg2 51. Rxg6 Rxb2 52. Rf8+ Kc7 53. Rg7+ Kb6 54. Rf6+ Ka7 55. g6 Rxa2 56. Rc7 Rg2 57. g7 Bd1 58. Rff7 Rd2+ 59. Ke5 Rg2 60. Rxb7+ Ka6 61. Rb8 Bh5 62. Rf6+ Ka5 63. g8=Q Rxg8 64. Rxg8 Bd1 65. Rb8 Bc2 66. Kd5 Bd1 67. Kc5 Bf3 68. Rb5+ 1-0

[Event "EYCC Girls U12 2018"]
[Site "Riga"]
[Date "2018.08.21"]
[Round "2"]
[White "Cherepanova, Evita"]
[Black "Karacsonyi, Kata"]
[Result "0-1"]
[ECO "B67"]
[WhiteElo "1660"]
[BlackElo "1961"]
[Annotator "NA RC"]
[PlyCount "58"]
[EventDate "2018.08.20"]
[EventType "swiss"]
[EventCountry "LAT"]
[SourceTitle "playchess.com"]
[Source "ChessBase"]
[SourceQuality "1"]
[TimeControl "40/5400+30:1800+30"]

1. e4 c5 2. Nf3 d6 3. d4 cxd4 4. Nxd4 Nf6 5. Nc3 Nc6 6. Bg5 e6 7. Qd2 a6 8. O-O-O Bd7 9. f4 b5 10. Nxc6 Bxc6 11. e5 dxe5 12. Qxd8+ Rxd8 13. Rxd8+ Kxd8 14. fxe5 h6 15. exf6 hxg5 16. a4 b4 17. Na2 a5 18. Bb5 Bxg2 19. Rd1+ Kc8 20. Rd7 gxf6 21. Rxf7 Bd6 22. Rxf6 Bf4+ 23. Kd1 Rxh2 24. Ke1 Bf3 25. Kf1 e5 26. Rf8+ Kc7 27. Rf7+ Kd6 28. Rd7+ Ke6 29. Kg1 Bg3 0-1

[Event "EYCC Girls U12 2018"]
[Site "Riga"]
[Date "2018.08.21"]
[Round "2"]
[White "Denic, Hana"]
[Black "Bashylina, Luisa"]
[Result "0-1"]
[ECO "B43"]
[WhiteElo "1631"]
[BlackElo "1817"]
[Annotator "NA RC"]
[PlyCount "122"]
[EventDate "2018.08.20"]
[EventType "swiss"]
[EventCountry "LAT"]
[SourceTitle "playchess.com"]
[Source "ChessBase"]
[SourceQuality "1"]
[TimeControl "40/5400+30:1800+30"]

1. e4 c5 2. Nf3 e6 3. d4 cxd4 4. Nxd4 a6 5. Nc3 Qc7 6. a3 Nf6 7. f4 d6 8. Be3 Nbd7 9. Qf3 b5 10. g4 d5 11. e5 Ne4 12. Nxe4 dxe4 13. Qf2 Bc5 14. O-O-O Nb6 15. Kb1 O-O 16. Bg2 Bb7 17. Nf5 Bxe3 18. Nxe3 Qc5 19. Qd2 a5 20. Qd4 Qc6 21. Qd6 Na4 22. Qxc6 Bxc6 23. Rd6 Rac8 24. c3 Nc5 25. Rhd1 g6 26. g5 Ba8 27. Ng4 Kg7 28. Bf1 Bc6 29. Re1 Rfd8 30. Red1 Rf8 31. h4 Nb7 32. R6d4 Nc5 33. Ka2 Bd5+ 34. c4 bxc4 35. Bxc4 Ba8 36. b4 axb4 37. axb4 Na4 38. Kb3 Nb6 39. Nf6 Nxc4 40. Rxc4 Rxc4 41. Kxc4 Rc8+ 42. Kb3 Bb7 43. Re1 Bd5+ 44. Nxd5 exd5 45. Ka4 Kf8 46. Re3 Ke7 47. b5 Ke6 48. b6 Kf5 49. Kb5 d4 50. Re1 d3 51. b7 Re8 52. Kc4 Rd8 53. b8=Q Rxb8 54. Kd4 d2 55. Rd1 Rd8+ 56. Ke3 Rd3+ 57. Ke2 Kxf4 58. Rf1+ Rf3 59. Ra1 e3 60. Ra6 Rf2+ 61. Kd1 Rf1+ 0-1

[Event "EYCC Girls U12 2018"]
[Site "Riga"]
[Date "2018.08.21"]
[Round "2"]
[White "Berezovsky, Fiorina"]
[Black "Mikheeva, Galina"]
[Result "0-1"]
[ECO "C54"]
[WhiteElo "1625"]
[BlackElo "1776"]
[Annotator "NA"]
[PlyCount "174"]
[EventDate "2018.08.20"]
[EventType "swiss"]
[EventCountry "LAT"]
[SourceTitle "playchess.com"]
[Source "ChessBase"]
[SourceQuality "1"]
[TimeControl "40/5400+30:1800+30"]

1. e4 e5 2. Nf3 Nc6 3. Bc4 Bc5 4. c3 Nf6 5. d3 O-O 6. O-O d5 7. exd5 Nxd5 8. Re1 Bg4 9. h3 Bh5 10. Nbd2 Bb6 11. g4 Bg6 12. Nxe5 Nxe5 13. Rxe5 Nf4 14. Qf3 Nxd3 15. Bxd3 Qxd3 16. Qxd3 Bxd3 17. Nf3 Rfe8 18. Bf4 f6 19. Rxe8+ Rxe8 20. Nd4 Bxd4 21. cxd4 c6 22. Be3 Bc4 23. a4 Bd5 24. b4 Kf7 25. b5 Rc8 26. Kh2 Ke6 27. b6 axb6 28. Rb1 Kd7 29. Rxb6 Kc7 30. Rb1 Ra8 31. Rb4 b6 32. h4 Ra6 33. g5 Be4 34. Rc4 Bd5 35. Rb4 Bf3 36. Bf4+ Kd7 37. a5 b5 38. Bd2 Rxa5 39. Rb3 Bd5 40. Rg3 Ra2 41. Be1 Re2 42. Rg1 f5 43. h5 Re4 44. h6 gxh6 45. gxh6 Rh4+ 46. Kg3 Rxh6 47. Kf4 Ke6 48. Bb4 Rh4+ 49. Ke3 Rg4 50. Ra1 Re4+ 51. Kd3 Bc4+ 52. Kc3 Rf4 53. Re1+ Kf6 54. Rh1 Rf3+ 55. Kd2 Rxf2+ 56. Kc3 Rf3+ 57. Kd2 Kg6 58. Rg1+ Kh5 59. Rh1+ Kg4 60. Rxh7 Rd3+ 61. Kc2 Rxd4 62. Rg7+ Kf3 63. Rc7 Bd3+ 64. Kc3 Rd5 65. Rxc6 f4 66. Rf6 Bf5 67. Rf8 Kf2 68. Ba5 f3 69. Bb6+ Kf1 70. Kb4 Ke2 71. Re8+ Kd2 72. Re3 Bg4 73. Re4 Bd7 74. Bf2 Rd3 75. Bb6 Kd1 76. Ba7 Rd2 77. Bb6 f2 78. Rf4 Ke1 79. Re4+ Re2 80. Bxf2+ Kxf2 81. Rxe2+ Kxe2 82. Kb3 Kd3 83. Kb2 Kc4 84. Kc2 b4 85. Kb2 b3 86. Kc1 Kc3 87. Kb1 b2 0-1

[Event "EYCC Girls U12 2018"]
[Site "Riga"]
[Date "2018.08.22"]
[Round "3"]
[White "Karacsonyi, Kata"]
[Black "Karmanova, Olga Dm"]
[Result "0-1"]
[ECO "B80"]
[WhiteElo "1961"]
[BlackElo "1730"]
[Annotator "NA"]
[PlyCount "100"]
[EventDate "2018.08.20"]
[EventType "swiss"]
[EventCountry "LAT"]
[SourceTitle "playchess.com"]
[Source "ChessBase"]
[SourceQuality "1"]
[TimeControl "40/5400+30:1800+30"]

1. e4 c5 2. Nf3 d6 3. d4 Nf6 4. Nc3 cxd4 5. Nxd4 e6 6. Be3 a6 7. Be2 Be7 8. f3 b5 9. O-O Bb7 10. Qe1 O-O 11. Qg3 Re8 12. Rad1 Qc7 13. Bd3 $15 Nbd7 14. Nce2 Bf8 15. Qh4 Nc5 16. Ng3 Rac8 17. Nde2 Nxd3 18. cxd3 Qa5 19. Bg5 Nd7 20. a3 Rc2 21. Rb1 Ne5 22. Nd4 Rcc8 23. Rfd1 d5 24. Be3 Qa4 25. f4 Ng6 26. Qg4 Bc5 27. b3 Qxa3 28. f5 Ne5 29. Qf4 Nd7 30. Nc2 Bxe3+ 31. Nxe3 e5 32. Qg5 f6 33. Qg4 Qc5 34. Qf3 dxe4 35. dxe4 Red8 36. Kh1 Qe7 37. Nh5 Nc5 38. Ng3 Rxd1+ 39. Nxd1 Bc6 40. Ne3 Qb7 41. Nd5 Nxe4 42. Qxe4 Bxd5 43. Qe2 Qc6 44. b4 Qc2 45. Rd1 Qxe2 46. Nxe2 Be4 47. Ng3 Bc2 48. Ra1 Ba4 49. Ne4 Rc4 50. Nd6 Rd4 0-1

[Event "EYCC Girls U12 2018"]
[Site "Riga"]
[Date "2018.08.22"]
[Round "3"]
[White "Bashylina, Luisa"]
[Black "Dubovyk, Anastasiia"]
[Result "1-0"]
[ECO "B27"]
[WhiteElo "1817"]
[BlackElo "1721"]
[Annotator "NA"]
[PlyCount "77"]
[EventDate "2018.08.20"]
[EventType "swiss"]
[EventCountry "LAT"]
[SourceTitle "playchess.com"]
[Source "ChessBase"]
[SourceQuality "1"]
[TimeControl "40/5400+30:1800+30"]

1. e4 c5 2. Nf3 g6 3. d4 cxd4 4. Qxd4 Nf6 5. Nc3 Nc6 6. Qa4 Bg7 7. e5 Ng8 8. Bf4 Nh6 9. h3 O-O 10. O-O-O b6 11. Ne4 Bb7 12. Neg5 Qc8 13. Bc4 a6 14. Bd5 e6 15. Be4 Rd8 16. Qb3 b5 17. Bd3 Nf5 18. Ne4 Ncd4 19. Nxd4 Nxd4 20. Qb4 Nc6 21. Qc5 Qb8 22. Nd6 Rf8 23. h4 h5 24. Rhg1 Qc7 25. f3 Rab8 26. g4 hxg4 27. fxg4 Qa5 28. a3 Qa4 29. Qe3 b4 30. Nc4 Ne7 31. Nb6 Qc6 32. Be2 b3 33. c3 Rfd8 34. Bg5 Kf8 35. Rgf1 Bc8 36. Qf4 f5 37. exf6 Nf5 38. fxg7+ Kxg7 39. gxf5 1-0

[Event "EYCC Girls U12 2018"]
[Site "Riga"]
[Date "2018.08.22"]
[Round "3"]
[White "Mikheeva, Galina"]
[Black "Donchenko, Ekaterina"]
[Result "1-0"]
[ECO "E71"]
[WhiteElo "1776"]
[BlackElo "1673"]
[Annotator "NA"]
[PlyCount "75"]
[EventDate "2018.08.20"]
[EventType "swiss"]
[EventCountry "LAT"]
[SourceTitle "playchess.com"]
[Source "ChessBase"]
[SourceQuality "1"]
[TimeControl "40/5400+30:1800+30"]

1. d4 Nf6 2. c4 g6 3. Nc3 Bg7 4. e4 d6 5. h3 O-O 6. Bg5 c5 7. d5 h6 8. Be3 Kh7 9. Bd3 e6 10. Qd2 exd5 11. exd5 Nbd7 12. Nf3 a6 13. a4 b6 14. O-O Re8 15. Rfe1 Nh5 16. g4 Nhf6 17. Bf4 Rxe1+ 18. Rxe1 Nb8 19. Bg3 Ra7 20. Qf4 Rd7 21. Kg2 Kg8 22. Nd2 g5 23. Qf3 Re7 24. Re3 h5 25. Bf5 Rxe3 26. fxe3 hxg4 27. hxg4 Bxf5 28. gxf5 Qe7 29. Nde4 Ne8 30. Qg4 Bxc3 31. bxc3 f6 32. Kf3 Nd7 33. Qh5 Ne5+ 34. Bxe5 Qxe5 35. Qxe8+ Qxe8 36. Nxf6+ Kf7 37. Nxe8 Kxe8 38. Kg4 1-0

[Event "EYCC Girls U12 2018"]
[Site "Riga"]
[Date "2018.08.22"]
[Round "3"]
[White "Alimova, Dana"]
[Black "Gaal, Zsoka"]
[Result "0-1"]
[ECO "B27"]
[WhiteElo "1716"]
[BlackElo "2008"]
[Annotator "NA"]
[PlyCount "102"]
[EventDate "2018.08.20"]
[EventType "swiss"]
[EventCountry "LAT"]
[SourceTitle "playchess.com"]
[Source "ChessBase"]
[SourceQuality "1"]
[TimeControl "40/5400+30:1800+30"]

1. e4 c5 2. Nf3 g6 3. d4 cxd4 4. Qxd4 Nf6 $11 {[%emt 0:00:19] LiveBook: 783 Games} 5. e5 Nc6 6. Qa4 Nd5 7. Bb5 Bg7 8. O-O O-O 9. Qh4 d6 10. e6 Bxe6 11. Ng5 Nf6 12. Bxc6 bxc6 13. Bd2 Bf5 14. Na3 e5 15. Bc3 h6 16. Nf3 Ne4 17. Qxd8 Rfxd8 18. Ba5 Rd7 19. Rad1 f6 20. Nh4 Kf7 21. Nxf5 gxf5 22. f3 Nc5 23. Bb4 Nb7 24. Nc4 Ke6 25. a4 d5 26. Na5 Nxa5 27. Bxa5 Bf8 28. b3 Bc5+ 29. Kh1 f4 30. Rd3 Be3 31. Bc3 Rg8 32. Ba5 Rdg7 33. Bd2 e4 34. fxe4 dxe4 35. Rxe3 fxe3 36. Bxe3 a6 37. g3 h5 38. Bd4 Rf7 39. Kg2 Rd8 40. c3 Rd5 41. b4 f5 42. a5 Rh7 43. Rf4 Rhd7 44. Bc5 Rd2+ 45. Rf2 Rxf2+ 46. Kxf2 Rd2+ 47. Kg1 Rc2 48. Bd4 Kd5 49. h4 Kc4 50. Kf1 Rxc3 51. Bxc3 Kxc3 0-1

[Event "EYCC Girls U12 2018"]
[Site "Riga"]
[Date "2018.08.22"]
[Round "3"]
[White "Shubenkova, Veronika"]
[Black "Kozachenko, Maria"]
[Result "1-0"]
[ECO "A45"]
[WhiteElo "1700"]
[BlackElo "1792"]
[Annotator "NA"]
[PlyCount "195"]
[EventDate "2018.08.20"]
[EventType "swiss"]
[EventCountry "LAT"]
[SourceTitle "playchess.com"]
[Source "ChessBase"]
[SourceQuality "1"]
[TimeControl "40/5400+30:1800+30"]

1. d4 Nf6 2. e3 e6 3. Bd3 b6 4. f4 Bb7 5. Nf3 d5 6. O-O Nbd7 7. Qe2 c5 8. c3 Qc7 9. Ne5 g6 10. Nd2 a6 11. a3 Ne4 12. Ndf3 f6 13. Nxd7 Qxd7 14. Bd2 c4 15. Bc2 Rc8 16. Be1 b5 17. Nd2 Bd6 18. Qf3 Qc6 19. Nxe4 dxe4 20. Qg4 Be7 21. Qe2 Qb6 22. Bg3 Bd5 23. Bh4 Kf7 24. g4 f5 25. Bxe7 Kxe7 26. h3 a5 27. Kg2 Kd6 28. h4 Qd8 29. g5 h6 30. Rh1 Qb6 31. Qf2 h5 32. Qd2 Rc7 33. Ra2 Rb8 34. Rha1 Qa7 35. Qc1 Rb6 36. Kf2 Qb8 37. Ke2 Rcb7 38. Kd2 Ke7 39. Ke1 Qd6 40. Kd2 Rb8 41. Ke1 Kd7 42. Kd2 Kc7 43. Ke1 Rf8 44. Qd2 Rd8 45. Ke2 Kd7 46. Ke1 Ke7 47. Ke2 Kf8 48. Ke1 Kg8 49. Ke2 Rb7 50. Ke1 Qb6 51. Ke2 Re7 52. Ke1 Qb8 53. Ke2 Bc6 54. Qe1 Rd5 55. Qf1 Rd6 56. Qe1 Bd5 57. Qc1 Ra7 58. Ke1 Rda6 59. Kd2 Qb6 60. Ke1 Kf7 61. Kd2 Ke7 62. Ke1 Kd6 63. Kd2 Bb7 64. Ke1 Ra8 65. Kd2 Bc8 66. Ke1 Rb8 67. Kd2 Qc6 68. Ke1 Rbb6 69. Kd2 b4 70. axb4 axb4 71. Rxa6 Bxa6 72. Ke1 Qb7 73. Kd2 Kc7 74. Ke1 Qc6 75. Qd2 bxc3 76. bxc3 Kb7 77. Qc1 Qb5 78. Rb1 Qa5 79. Rxb6+ Kxb6 80. Qb2+ Bb5 81. Kd2 Kc6 82. Qb4 Qxb4 83. cxb4 Kd5 84. Kc3 Kc6 85. Bd1 Kd5 86. Be2 Bd7 87. Bxc4+ Kc6 88. b5+ Kb6 89. Kb4 Bc8 90. d5 e5 91. fxe5 f4 92. e6 fxe3 93. Be2 Kb7 94. Kc5 Kc7 95. d6+ Kd8 96. d7 Bxd7 97. exd7 Kxd7 98. b6 1-0

[Event "EYCC Girls U12 2018"]
[Site "Riga"]
[Date "2018.08.23"]
[Round "4"]
[White "Gaal, Zsoka"]
[Black "Anacoglu, Cisel"]
[Result "1-0"]
[ECO "A05"]
[WhiteElo "2008"]
[BlackElo "1734"]
[Annotator "NA RC"]
[PlyCount "81"]
[EventDate "2018.08.20"]
[EventType "swiss"]
[EventCountry "LAT"]
[SourceTitle "playchess.com"]
[Source "ChessBase"]
[SourceQuality "1"]
[TimeControl "40/5400+30:1800+30"]

1. Nf3 Nf6 2. g3 g6 3. Bg2 Bg7 4. c4 d6 5. Nc3 O-O 6. O-O {[%emt 0:00:11] LiveBook: 3800 Games} Nc6 7. Rb1 e5 8. d3 h6 9. b4 Be6 10. b5 Ne7 11. Nd2 Qc8 12. Ba3 Bh3 13. Rc1 Bxg2 14. Kxg2 Qe6 15. Qb3 $11 Nh5 16. c5 d5 17. c6 bxc6 18. Bxe7 Qxe7 19. bxc6 d4 20. Nd5 Qd8 21. Rb1 Nf6 22. Nxf6+ Bxf6 23. Ne4 Be7 24. Qc4 Rb8 25. Rb7 Rxb7 26. cxb7 c5 27. Rb1 Qc7 28. Qd5 Rb8 29. Nd2 Kf8 30. Nc4 f6 31. a4 Qd8 32. Qe4 Kg7 33. a5 Qc7 34. a6 Bd8 35. Qd5 Qf7 36. Qxf7+ Kxf7 37. Nd6+ Ke6 38. Nc8 e4 39. Nxa7 Kd7 40. Nc8 exd3 41. exd3 1-0

[Event "EYCC Girls U12 2018"]
[Site "Riga"]
[Date "2018.08.23"]
[Round "4"]
[White "Karmanova, Olga Dm"]
[Black "Bashylina, Luisa"]
[Result "1-0"]
[ECO "A20"]
[WhiteElo "1730"]
[BlackElo "1817"]
[Annotator "NA RC"]
[PlyCount "59"]
[EventDate "2018.08.20"]
[EventType "swiss"]
[EventCountry "LAT"]
[SourceTitle "playchess.com"]
[Source "ChessBase"]
[SourceQuality "1"]
[TimeControl "40/5400+30:1800+30"]

1. c4 e5 2. g3 Nc6 3. Nc3 f5 4. Bg2 Nf6 5. e3 d6 6. Nge2 g6 7. O-O Bg7 8. Rb1 O-O 9. d3 g5 10. f4 h6 11. b4 exf4 12. exf4 Nh5 13. Nd5 a6 14. Kh1 gxf4 15. Nexf4 Nxf4 16. Nxf4 Kh7 17. Qh5 Ne7 18. Bd2 c6 19. Rbe1 Bd7 20. Ne6 Bxe6 21. Rxe6 Ng8 22. Bh3 Kh8 23. Bxf5 Rxf5 24. Rxf5 Qd7 25. Qf7 Qc8 26. Rh5 c5 27. Bc3 Qc6+ 28. Kg1 Nf6 29. Bxf6 Bxf6 30. Rxh6# {[%emt 0:00:11] Qe8} 1-0

[Event "EYCC Girls U12 2018"]
[Site "Riga"]
[Date "2018.08.23"]
[Round "4"]
[White "Shubenkova, Veronika"]
[Black "Mikheeva, Galina"]
[Result "1/2-1/2"]
[ECO "A88"]
[WhiteElo "1700"]
[BlackElo "1776"]
[Annotator "NA RC"]
[PlyCount "57"]
[EventDate "2018.08.20"]
[EventType "swiss"]
[EventCountry "LAT"]
[SourceTitle "playchess.com"]
[Source "ChessBase"]
[SourceQuality "1"]
[TimeControl "40/5400+30:1800+30"]

1. d4 f5 2. Nf3 Nf6 3. c4 g6 4. g3 Bg7 5. Bg2 O-O 6. O-O d6 7. Nc3 c6 8. Qb3 h6 9. a3 Kh7 10. Qc2 Qc7 11. b4 e5 12. e3 e4 13. Nd2 d5 14. cxd5 cxd5 15. Bb2 Be6 16. Rac1 Qe7 17. Qb3 g5 18. b5 Nbd7 19. a4 Rfc8 20. Ba3 Qf7 21. Na2 Nb6 22. Rfe1 Qd7 23. Bf1 Qf7 24. Rxc8 Rxc8 25. Rc1 Rxc1 26. Bxc1 Qc7 27. Qc3 Qxc3 28. Nxc3 Bf8 29. Ndb1 1/2-1/2

[Event "EYCC Girls U12 2018"]
[Site "Riga"]
[Date "2018.08.23"]
[Round "4"]
[White "Blokhin, Sofia"]
[Black "Roebers, Eline"]
[Result "1-0"]
[ECO "B11"]
[WhiteElo "1500"]
[BlackElo "1857"]
[Annotator "NA RC"]
[PlyCount "27"]
[EventDate "2018.08.20"]
[EventType "swiss"]
[EventCountry "LAT"]
[SourceTitle "playchess.com"]
[Source "ChessBase"]
[SourceQuality "1"]
[TimeControl "40/5400+30:1800+30"]

1. e4 c6 2. Nf3 d5 3. Nc3 Bg4 4. h3 Bxf3 5. Qxf3 d4 6. Ne2 c5 7. c3 g6 8. cxd4 cxd4 9. Nf4 Nc6 10. Bb5 e5 11. Nd5 Bg7 {[%emt 0:08:13] [#]} 12. d3 $16 Nge7 13. Bg5 Qa5+ 14. b4 1-0